 Dungeon Crawl Stone Soup version 0.31-a0-523-g071a6c1ffa (webtiles) character file.

Game seed: 5960696819217070194

2975 GordonOverkill the Basher (level 9, -4/42 (48) HPs)
             Began as a Vine Stalker Delver on Aug 11, 2023.
             Was a Believer of Trog.
             Shot with an arrow by a centaur (9 damage)
             ... on level 8 of the Dungeon.
             The game lasted 00:16:31 (6282 turns).

GordonOverkill the Basher (Vine Stalker Delver)     Turns: 6282, Time: 00:16:31

HP:   -4/42 (48)    AC: 17    Str: 18    XL:     9   Next: 82%
MP:   0/19          EV: 11    Int: 10    God:    Trog [**....]
Gold: 525           SH:  0    Dex: 14    Spells: 8/8 levels left

rFire   + . .        w - +10 mace "Dragon's Tongue" {flame, *Corrode rPois MP+9 Dex+2}
rCold   + . .        (no shield)
rNeg    . . .        t - +3 ring mail "Kooxyuro" {rElec rPois Dex-5}
rPois   +            h - +2 helmet
rElec   +            (no cloak)
rCorr   +            H - +0 pair of gloves
SInv    +            (no boots)
Will    +++..        J - amulet of faith
Stlth   ++           i - ring of see invisible
HPRegen 2.07/turn    E - +4 ring of protection
MPRegen 0.16/turn

%: corrode self (3%), guardian spirit, faith
@: resistant, strong-willed, on berserk cooldown, regenerating, heavily drained
A: fangs 3, regeneration 1, magic shield, antimagic bite, no potion heal 2
a: Renounce Religion, Berserk, Trog's Hand


You were on level 8 of the Dungeon.
You worshipped Trog.
Trog was pleased with you.
You visited 2 branches of the dungeon, and saw 9 of its levels.
You also visited: Ossuary.

You collected 714 gold pieces.
You spent 189 gold pieces at shops.

Inventory:

Hand Weapons
 w - the +10 mace "Dragon's Tongue" (weapon) {flame, *Corrode rPois MP+9 Dex+2}
   (You found it on level 3 of the Dungeon)

   Dex+2:     It affects your dexterity (+2).
   rPois:     It protects you from poison MP+9: It affects your magic capacity
   (+9).
   *Corrode:  It may corrode you when you take damage.
 I - a +1 morningstar of flaming
Missiles
 q - 10 curare-tipped darts
Armour
 h - a +2 helmet (worn)
 t - the +3 ring mail "Kooxyuro" (worn) {rElec rPois Dex-5}
   (You bought it in a shop on level 2 of the Dungeon)

   Dex-5:     It affects your dexterity (-5).
   rElec:     It insulates you from electricity.
   rPois:     It protects you from poison
 H - a +0 pair of gloves (worn)
Jewellery
 a - a ring of protection from fire
 i - a ring of see invisible (left hand)
 s - a ring of protection from cold
 B - a ring of positive energy
 D - a ring of positive energy
 E - a +4 ring of protection (right hand)
 J - an amulet of faith (around neck)
Wands
 g - a wand of polymorph (10)
 A - a wand of digging (2)
 F - a wand of quicksilver (4)
 G - a wand of mindburst (15)
Scrolls
 c - a scroll of fog
 e - a scroll of fear
 j - a scroll of acquirement {unknown}
 l - 3 scrolls of enchant armour
 m - 2 scrolls of brand weapon
 p - a scroll of torment
 r - a scroll of immolation
 u - a scroll of noise
 v - 2 scrolls of identify
 x - a scroll of enchant weapon
 y - 2 scrolls of amnesia
Potions
 b - a potion of resistance
 f - a potion of degeneration {unknown}
 k - a potion of curing
 n - 2 potions of heal wounds {unknown}
 o - 2 potions of enlightenment {unknown}
 z - a potion of attraction {unknown}
 C - a potion of ambrosia {unknown}


   Skills:
 + Level 5.7 Fighting
 + Level 10.1 Maces & Flails
 - Level 2.0 Throwing
 + Level 3.8 Armour
 - Level 1.5 Dodging
 - Level 6.0 Stealth


You had 8 spell levels left.
You didn't know any spells.
Your spell library was empty.

Dungeon Overview and Level Annotations

Branches:
Dungeon (8/15)             Temple (1/1) D:4            Lair (0/5) D:8
Ossuary (visited)

Altars:
Ashenzari
Dithmenos
Elyvilon
Fedhas
Gozag
Hepliaklqana
Kikubaaqudgha
Makhleb
Okawaru
Qazlal
Sif Muna
Trog
Uskayaw
Vehumet
Wu Jian
Yredelemnul
Zin
The Shining One

Shops:
D:2 [   D:6 *

Annotations:
D:8 Jeremiah


Innate Abilities, Weirdness & Mutations

You have razor-sharp teeth.
Your natural rate of healing is unusually fast.
When hurt, damage is shared between your health and your magic reserves.
Your bite disrupts and absorbs the magic of your enemies.
Potions cannot restore your health.


Message History

* * * LOW HITPOINT WARNING * * *
The bullfrog convulses!
The polar bear convulses! x2; The orc convulses! x2
The orc wizard convulses!
Jeremiah convulses!
It was a scroll of torment.
The wight barely misses you. The bullfrog barely misses you.
Okay, then.
As you read the scroll labelled WUUGAMOFEY, it crumbles to dust.
You hear a loud clanging noise!
It was a scroll of noise.
You hear a shout!
You hear an angry hiss.
You hear a shout!
You hear an angry growl.
You hear an angry hiss.
The bullfrog barely misses you. The wight hits you with a +4 war axe.
* * * LOW HITPOINT WARNING * * *
You feel drained.
* * * LOW HITPOINT WARNING * * *
The wight hits you with a +2 hand axe!
* * * LOW HITPOINT WARNING * * *
The bullfrog hits you but does no damage.
Okay, then.
Your skin crawls.
You feel strong-willed. The wight hits you with a +4 war axe.
* * * LOW HITPOINT WARNING * * *
You feel drained.
The bullfrog hits you but does no damage.
The wight hits you with a +2 hand axe.
* * * LOW HITPOINT WARNING * * *
You feel drained. The centaur closely misses you.
The centaur kicks you but does no damage.
The wight attacks as you move away! The wight hits you with a +2 hand axe!
* * * LOW HITPOINT WARNING * * *
The bullfrog attacks as you move away! The bullfrog barely misses you.
The centaur hits you but does no damage.
The centaur kicks you but does no damage.
An orc comes into view. It is wielding a +0 club.
The bullfrog hits you but does no damage.
The bullfrog attacks as you move away!
The bullfrog hits you but does no damage.
Found a stone staircase leading down.
The centaur wields a +0 orcbow.
The centaur shoots an arrow.
The arrow hits you!
You die...

.....?........§§§.....
..........####..§§§§§...
............##§F§bb§§#..
.........o..##b..§§§§...
>........hoooz.b#§§§....
........z.zoh.z##§§.....
##....#zF####.##.......
##.......c##...##b......
.......@.......##..b....
...............#?oFb....
.##...##...###oo.)).....
##.. .##.# #..##......
#. . ....... ###))). ##
#. #... ##.#).## #.
##o.. #......#
.o.......##... . #....
#...


You could see a polar bear, a bullfrog, a centaur, 3 wights, an orc wizard
(invisible) and 6 orcs.

Vanquished Creatures
  Psyche (D:8)
  Sigmund (D:3)
  A steam dragon (D:8)
  2 vampire mosquitoes (D:7)
  3 water moccasins
  Duvessa (D:4)
  An orc warrior (D:8)
  A black bear (D:6)
  An ice beast (D:8)
  An ogre (D:6)
  2 centaurs
  A phantom (D:6)
  An elf zombie (Ossuary)
  A kobold brigand (D:6)
  A bullfrog (D:7)
  Dowan (D:4)
  A howler monkey (D:6)
  A centaur zombie (Ossuary)
  2 jellies (D:6)
  2 human zombies (Ossuary)
  4 orc priests
  3 hounds
  3 iguanas
  A sleepcap (D:6)
  4 orc wizards
  Natasha (thrice) (D:4)
  3 mummies
  6 adders
  5 gnolls
  A white imp (D:6)
  An ufetubus (D:7)
  A dart slug (D:1)
  12 orcs
  4 endoplasms
  2 giant cockroaches (D:1)
  2 gnoll zombies (Ossuary)
  6 hobgoblins
  3 jackals (D:1)
  A quokka (D:4)
  7 ball pythons
  6 bats
  2 frilled lizards (D:1)
  7 goblins
  2 goblin zombies (Ossuary)
  3 hobgoblin zombies (Ossuary)
  9 kobolds
  A kobold zombie (D:6)
  4 orc zombies
  7 rats
  A butterfly (D:4)
140 creatures vanquished.

Notes
Turn   | Place    | Note
-------+----------+-------------------------------------------
     0 | D:5      | GordonOverkill the Vine Stalker Delver began the quest for
                  | the Orb.
     0 | D:5      | Reached XP level 1. HP: 11/11 MP: 2/2
    94 | D:6      | Noticed a black bear
   163 | D:5      | Noticed a black bear
   192 | D:4      | Reached skill level 2 in Maces & Flails
   227 | D:4      | Noticed Natasha
   288 | D:5      | Noticed a hound
   294 | D:6      | Noticed an iguana
   310 | D:6      | Noticed a phantom
   334 | D:6      | Noticed a howler monkey
   341 | D:6      | Noticed a jelly
   359 | D:6      | Noticed an orc wizard
   385 | D:6      | Reached XP level 2. HP: 13/16 MP: 3/3
   419 | D:6      | Reached skill level 3 in Maces & Flails
   419 | D:6      | Reached XP level 3. HP: 8/19 MP: 2/4
   491 | D:6      | Found Bammyirr's General Store.
   602 | D:6      | Gained mutation: Your natural rate of healing is unusually
                  | fast. [Vine Stalker growth]
   602 | D:6      | Reached XP level 4. HP: 15/23 MP: 2/5
   632 | D:6      | Found a sand-covered staircase.
   633 | D:6      | Noticed a centaur
   642 | D:6      | Reached skill level 4 in Maces & Flails
   644 | Ossuary  | Entered an ossuary
   729 | Ossuary  | Reached XP level 5. HP: 27/27 MP: 6/6
   942 | Ossuary  | Reached skill level 5 in Maces & Flails
  1053 | Ossuary  | Reached XP level 6. HP: 32/32 MP: 7/7
  1334 | D:6      | Reached skill level 6 in Maces & Flails
  1485 | D:3      | Noticed Sigmund
  1504 | D:4      | Found a staircase to the Ecumenical Temple.
  1535 | D:4      | Noticed Dowan
  1537 | Temple   | Entered the Ecumenical Temple
  1542 | Temple   | Became a worshipper of Trog the Wrathful
  1846 | D:2      | Found Xoukiri's Antique Armour Shoppe.
  1852 | D:2      | Bought a twisted ring mail for 189 gold pieces
  1852 | D:2      | Identified the +3 ring mail "Kooxyuro" {rElec rPois Dex-5}
                  | (You bought it in a shop on level 2 of the Dungeon)
  2328 | D:1      | Reached * piety under Trog
  2412 | D:1      | Found a faded altar of an unknown god.
  2491 | D:2      | Reached XP level 7. HP: 35/35 MP: 8/8
  3113 | D:3      | Identified the +0 ring mail of Ulaomus {Fly}
  3174 | D:3      | Killed Sigmund
  3175 | D:3      | Reached skill level 1 in Throwing
  3175 | D:3      | Reached skill level 1 in Armour
  3394 | D:3      | Identified the +10 mace "Dragon's Tongue" {flame, *Corrode
                  | rPois MP+9 Dex+2}
  3767 | D:4      | Killed Natasha
  3780 | D:4      | Noticed Duvessa
  3787 | D:4      | Killed Duvessa
  3798 | D:4      | Killed Dowan
  3913 | D:4      | Noticed Natasha
  3918 | D:4      | Killed Natasha
  3936 | D:4      | Reached skill level 7 in Maces & Flails
  3936 | D:4      | Gained mutation: You have razor-sharp teeth. [Vine Stalker
                  | growth]
  3936 | D:4      | Reached XP level 8. HP: 42/42 MP: 9/9
  4072 | D:4      | Noticed Natasha
  4078 | D:4      | Killed Natasha
  4078 | D:4      | Reached ** piety under Trog
  4207 | D:5      | Found a shimmering blue altar of Sif Muna.
  4209 | D:5      | Found a glowing silver altar of Zin.
  4936 | D:6      | Reached skill level 5 in Fighting
  4938 | D:6      | Reached skill level 8 in Maces & Flails
  5009 | D:6      | Found a radiant altar of Vehumet.
  5731 | D:7      | Reached XP level 9. HP: 47/47 MP: 10/10
  5879 | D:7      | Reached skill level 9 in Maces & Flails
  6229 | D:8      | Noticed Psyche
  6240 | D:8      | Killed Psyche
  6241 | D:8      | Reached skill level 10 in Maces & Flails
  6251 | D:8      | Noticed Jeremiah
  6260 | D:8      | Reached *** piety under Trog
  6260 | D:8      | Found a staircase to the Lair.
  6260 | D:8      | Noticed a polar bear
  6260 | D:8      | Noticed a rime drake
  6260 | D:8      | Noticed a polar bear
  6281 | D:8      | HP: 1/42 [wight/+2 hand axe (6)]
  6282 | D:8      | Shot with an arrow by a centaur

Illustrated notes

Levels and vault maps discovered:
D:1:      erik_arrival_orb_chamber, layout_basic,
          shapermc_ecumenical_altar_mp_vishouse
D:2:      layout_basic, serial_shops, shop, wad_floor_pattern_untrapped
D:3:      layout_basic, uniq_sigmund
D:4:      layout_loops_ring, minmay_temple_entry_butterflies, uniq_duvessa,
          uniq_natasha
D:5:      layout_cave_pools, jmf_multi_god_temple,
          chequers_serial_rivers_small_a, hangedman_abyss_or_decor_passed
D:6:      layout_layer_cave, vehumet_crystals, serial_shops, shop,
          nicolae_ossuary_entry_giza, minmay_stone_trees_medium
D:7:      layout_basic
D:8:      layout_cave_pools, hellmonk_lair_entry_icy, uniq_jeremiah, uniq_psyche
Temple:   minmay_freezing_vapour_temple

Skill      XL: |  1  2  3  4  5  6  7  8  9 |
---------------+----------------------------+-----
Maces & Flails | 2 3 4 5 6 7 8 10 | 10.1
Fighting       | 3 5 |  5.7
Throwing       | 2 |  2.0
Armour         | 2 3 |  3.8
Dodging        | |  1.5
Stealth        | |  6.0

Action                     |  1- 3 |  4- 6 |  7- 9 || total
---------------------------+-------+-------+-------++-------
  Melee: Mace              |    25 |   192 |   181 ||   398
         Bite              |     6 |    62 |    33 ||   101
         Punch             |       |     2 |     2 ||     4
 Invoke: Berserk           |       |       |     8 ||     8
         Trog's Hand       |       |       |     2 ||     2
  Evoke: Wand              |     3 |       |       ||     3
    Use: Scroll            |     1 |       |    11 ||    12
         Potion            |     1 |       |     2 ||     3
   Stab: Sleeping          |     2 |     8 |    11 ||    21
 Armour: Leather armour    |     6 |    32 |       ||    38
         Ring mail         |       |    30 |   122 ||   152
  Dodge: Dodged            |     9 |    86 |   116 ||   211

Table legend: (Time is in decaauts)
 A = Elapsed time spent in this place.
 B = Non-inter-level travel time spent in this place.
 C = Inter-level travel time spent in this place.
 D = Time resting spent in this place.
 E = Time spent auto-exploring this place.
 F = Levels seen in this place.
 G = Mean time per level.
                   A        B        C        D        E       F      G
               +--------+--------+--------+--------+--------+-----+--------+
         Total |   6388 |   6101 |    287 |    633 |   3360 |  10 |  638.8 |
       Dungeon |   5688 |   5401 |    287 |    382 |   3319 |   8 |  711.0 |
        Temple |     10 |     10 |      0 |      0 |      0 |   1 |   10.0 |
       Ossuary |    689 |    689 |      0 |    250 |     41 |   1 |  689.0 |
               +--------+--------+--------+--------+--------+-----+--------+

Top non-repeatable levels by time:
     D:6: 1542 daAuts
     D:4: 912 daAuts
     D:3: 814 daAuts
 Ossuary: 689 daAuts
     D:2: 670 daAuts
     D:5: 637 daAuts
     D:1: 513 daAuts
     D:7: 506 daAuts
     D:8: 91 daAuts
  Temple: 10 daAuts
